AoeStats
← bert1028

Arena

508654716Analyzed
2v2 RM · 10d ago on Sep 23, 2026· 49m 39s· 4 players
Game mode
Random Map
Map size
Medium (4 player)
Population
200
Speed
Normal
Resources
Standard
Victory
Conquest
Starting age
Dark Age
Ending age
Imperial Age
RankedLock teamsTeams togetherTeam positionsShared explorationLock speedFull tech treeHidden civsTurbo modeCheats
Victory
Defeat
🇹🇼 Turks · Taiwan
1117
+16
🇹🇼 Jurchens · Taiwan
1015
+20
🇹🇼 Sicilians · Taiwan
1105
-18
🇹🇼 Danes · Taiwan
1103
-18
一直嬉皮笑臉
11:07 Feudal Age
11:12 Loom
12:59 Horse Collar
13:05 Double-Bit Axe
16:13 Castle Age
17:35 Heavy Plow
18:16 Bow Saw
19:32 Stone Mining
24:24 Fletching
27:41 Bloodlines
妖姬西打龍
12:09 Feudal Age
16:43 Castle Age
15:23 Double-Bit Axe
21:25 Imperial Age
19:29 Horse Collar
21:59 Double-Bit Axe
30:01 Loom
38:42 Bow Saw
41:19 Wheelbarrow
42:47 Padded Archer Armor
45:42 Ballistics
45:41 Leather Archer Armor
bert1028
10:53 Feudal Age
15:33 Castle Age
13:59 Double-Bit Axe
13:56 Horse Collar
15:30 Arson
16:46 Bow Saw
17:05 Squires
17:07 Scale Mail Armor
21:50 Chain Mail Armor
25:13 Loom
25:40 Forging
34:55 Imperial Age
35:04 Fletching
35:45 Elite Skirmisher
36:39 Bodkin Arrow
43:34 Conscription
Doge
10:35 Feudal Age
14:11 Castle Age
12:20 Double-Bit Axe
12:17 Horse Collar
14:51 Bloodlines
15:16 Forging
15:27 Bow Saw
21:42 Town Watch
22:57 Iron Casting
23:35 Loom
28:05 Husbandry
32:42 Fletching
32:52 Padded Archer Armor
33:41 Elite Skirmisher
35:59 Bodkin Arrow
Connection lost

Rejoining the realm…

Still unreachable

The connection could not be restored.

Session expired

The server has moved on; the page needs a fresh start.